 Dungeon Crawl Stone Soup version 0.18-a0-750-g37044d6 (webtiles) character file.

107 AAAAA the Cudgeler (level 4, -1/40 HPs)
             Began as a Deep Dwarf Fighter on Dec 12, 2015.
             Hit by a stone thrown by a gnoll (3 damage)
             ... on level 2 of the Dungeon.
             The game lasted 00:04:49 (1093 turns).

AAAAA the Cudgeler (Deep Dwarf Fighter)             Turns: 1093, Time: 00:04:49

Health: -1/40      AC:  8    Str: 19    XL:     4   Next: 56%
Magic:  4/4        EV:  9    Int:  9    God:
Gold:   44         SH:  0    Dex: 13    Spells: 0 memorised, 3 levels left

rFire  . . .     SeeInvis .     a - +0 flail
rCold  . . .     Clarity  .     b - +0 scale mail
rNeg   . . .     SustAt   .     (no shield)
rPois  .         Gourm    .     (no helmet)
rElec  .         Spirit   .     (no cloak)
rCorr  .         Dismiss  .     j - +0 pair of gloves
rMut   .         Stasis   .     (no boots)
MR     .....                    (no amulet)
Stlth  ..........               (no ring)
                                (no ring)

@: non-regenerating, not resistant to hostile enchantments, extremely unstealthy
A: damage resistance, recharge devices, sense surroundings 1, slow regeneration
3
a: Device Recharging


You were on level 2 of the Dungeon.
You were not hungry.

You visited 1 branch of the dungeon, and saw 2 of its levels.

You collected 44 gold pieces.

Inventory:

Hand Weapons
 a - a +0 flail (weapon)
Armour
 b - a +0 scale mail (worn)
 c - a +0 shield
 j - a +0 pair of gloves (worn)
Wands
 e - a wand of heal wounds (5)
Scrolls
 g - 3 scrolls of identify {unknown}
 h - 2 scrolls of enchant armour {unknown}
 m - a scroll of enchant weapon {unknown}
 n - a scroll of remove curse {unknown}
 o - a scroll of teleportation {unknown}
Potions
 d - a potion of might
 l - a potion of agility {unknown}
Comestibles
 f - 3 bread rations
 i - a beef jerky
 k - a meat ration
 p - 2 chunks of flesh


   Skills:
 - Level 2.6 Fighting
 + Level 4.8 Maces & Flails
 - Level 3.2 Armour
 - Level 3.2 Shields


You had 3 spell levels left.
You didn't know any spells.

Dungeon Overview and Level Annotations

Branches:
Dungeon (2/15)

Altars:


Innate Abilities, Weirdness & Mutations

You are resistant to damage.
You can recharge devices by infusing magical energy.
You passively map a small area around you.
You do not regenerate naturally.


Message History

You see here a stone.
You see here a spear.
The gnoll hits you with a flail. The gnoll closely misses you.
You hit the gnoll.
The gnoll is moderately wounded.
The gnoll hits you from afar with a spear.
The gnoll hits you but does no damage. x2
You completely miss the gnoll.
The gnoll is moderately wounded.
The gnoll hits you with a flail!
* * * LOW HITPOINT WARNING * * *
The gnoll hits you from afar with a spear.
* * * LOW HITPOINT WARNING * * *
You hit the gnoll.
The gnoll is almost dead.
The gnoll hits you but does no damage.
The gnoll hits you from afar with a spear.
* * * LOW HITPOINT WARNING * * *
The gnoll throws a stone.
The stone hits you.
You die...

....... * ######### .......
........# ,..... , ,
........# * ..g , ,........#
####.# *##### ........#
#.g..#### ...# *
........###g#####.# ,..###
..........#.# #.# #...###
...###...†.@#####.####......
, #####.....))........... ,
* #..#...###.......... , ,
*#.>..(.............. , ,
...................... ,
#...##.#.##........... #.##
..#..##.....†.... #.
#.###.##.......... * #.
..####.###.#÷


You could see 2 gnolls.

Vanquished Creatures
  2 adders (D:2)
  5 gnolls
  4 ball pythons (D:1)
  7 bats
  7 hobgoblins (D:1)
  7 kobolds (D:1)
  2 giant cockroaches (D:1)
  2 giant newts (D:1)
  4 goblins
  7 rats
47 creatures vanquished.

Notes
Turn   | Place    | Note
--------------------------------------------------------------
     0 | D:1      | AAAAA the Deep Dwarf Fighter began the quest for the Orb.
     0 | D:1      | Reached XP level 1. HP: 20/20 MP: 1/1
    78 | D:1      | Reached XP level 2. HP: 22/27 MP: 2/2
   653 | D:1      | Reached XP level 3. HP: 24/33 MP: 3/3
   938 | D:2      | Reached skill level 4 in Maces & Flails
  1005 | D:2      | Reached XP level 4. HP: 20/40 MP: 4/4
  1092 | D:2      | HP: 2/40 [gnoll/spear (2)]
  1093 | D:2      | Hit by a stone thrown by a gnoll

Vault maps used:
D:1:      minmay_arrival_widening_spiral_wide, hangedman_feature_mirror
D:2:      amethyst_overflow_temple_binary, uniq_sigmund

Action                   |  1- 3 |  4- 6 || total
-------------------------+-------+-------++-------
Melee: Flail             |   130 |    21 ||   151
  Eat: Chunk             |     1 |       ||     1
